 Dungeon Crawl Stone Soup version 0.18.1-6-gd335043 (webtiles) character file.

15474465 mistymad the Invulnerable (level 27, 300/300 HPs)
             Began as a Minotaur Berserker on May 19, 2016.
             Was the Champion of Trog.
             Escaped with the Orb
             ... and 15 runes!
             The game lasted 09:53:27 (101828 turns).

mistymad the Invulnerable (Minotaur Berserker)    Turns: 101828, Time: 09:53:27

Health: 300/300    AC: 52    Str: 42    XL:     27
Magic:  30/30      EV: 35    Int:  2    God:    Trog [******]
Gold:   11814      SH: 36    Dex: 31    Spells: 0 memorised, 26 levels left

rFire  + + +     SeeInvis .     S - +8 broad axe "Grum" {holy, rPois rC- Stlth+}
rCold  + + +     Gourm    .     Q - +12 gold dragon armour
rNeg   + + +     Faith    .     L - +4 large shield {AC+3}
rPois  +         Spirit   .     (helmet restricted)
rElec  +         Dismiss  .     Z - +2 cloak "Feurchili" {+Inv MR+ Regen+}
rCorr  +         Reflect  .     s - +0 pair of gloves "Ysoiv" {rElec rN+++ MP-9 Dex+2}
SustAt +         Harm     .     d - +2 pair of boots "Igoeseh" {+Inv Regen+}
MR     +++++                    G - amulet "Taenak" {Regen+ Str+9 Dex+4}
Stlth  +.........               f - ring of Eternal Night {SustAt rElec rC++ Dex+4 Stlth-}
                                R - ring of Qazlal's Generosity {rF+ Dex+2}

@: mighty, resistant, very slightly contaminated, regenerating, hasted,
invisible, very quick, almost entirely resistant to hostile enchantments, very
unstealthy
A: retaliatory headbutt, horns 2, robust 1
a: Berserk, Trog's Hand, Brothers in Arms, Burn Spellbooks, Renounce Religion
0: Orb of Zot
}: 15/15 runes: decaying, slimy, silver, golden, iron, obsidian, icy, bone,
abyssal, demonic, glowing, magical, fiery, dark, gossamer


You escaped.
You worshipped Trog.
Trog was exalted by your worship.
You were not hungry.

You visited 18 branches of the dungeon, and saw 93 of its levels.
You visited Pandemonium 1 time, and saw 41 of its levels.
You visited the Abyss 4 times.
You also visited: Bailey and Wizlab.

You collected 16927 gold pieces.
You spent 4758 gold pieces at shops.

Inventory:

Hand Weapons
 m - the +6 broad axe of Enuususs {venom, +Inv rElec rC-}
   (Trog gifted it to you on level 3 of the Swamp)

   It poisons the flesh of those it strikes.
   It makes you vulnerable to cold.
   It insulates you from electricity.
   It lets you turn invisible.
 S - the +8 broad axe "Grum" (weapon) {holy, rPois rC- Stlth+}
   (Trog gifted it to you on level 14 of the Dungeon)

   It has been blessed by the Shining One to cause great damage to the undead
   and demons.
   It makes you vulnerable to cold.
   It protects you from poison.
   It makes you more stealthy.
Armour
 d - the +2 pair of boots "Igoeseh" (worn) {+Inv Regen+}
   (You found it in Pandemonium)

   It lets you turn invisible.
   It increases your rate of regeneration.
 s - the +0 pair of gloves "Ysoiv" (worn) {rElec rN+++ MP-9 Dex+2}
   (You found it on level 7 of the Lair of Beasts)

   It affects your dexterity (+2).
   It insulates you from electricity.
   It renders you almost immune to negative energy.
   It affects your magic capacity (-9).
 y - the +2 cloak of Starlight {rElec rC+ EV+4 Stlth--}
   (You found it in a wizard's laboratory)

   It affects your evasion (+4).
   It protects you from cold.
   It insulates you from electricity.
   It makes you much less stealthy.
 L - a +4 large shield of protection (worn)
 Q - a +12 gold dragon armour (worn)
 Z - the +2 cloak "Feurchili" (worn) {+Inv MR+ Regen+}
   (You found it on level 3 of the Elven Halls)

   It affects your resistance to hostile enchantments.
   It lets you turn invisible.
   It increases your rate of regeneration.
Jewellery
 f - the ring of Eternal Night (right hand) {SustAt rElec rC++ Dex+4 Stlth-}
   (You found it on level 3 of the Tomb of the Ancients)

   [ring of sustain attributes]

   It sustains your strength, intelligence and dexterity.
   It affects your dexterity (+4).
   It greatly protects you from cold.
   It insulates you from electricity.
   It makes you less stealthy.
 h - the ring "Zaekynn" {MR+ Int+2 Dex+3}
   (You found it on level 13 of the Dungeon)

   [ring of dexterity]

   It affects your intelligence (+2).
   It affects your dexterity (+3).
   It affects your resistance to hostile enchantments.
 i - an uncursed ring of resist corrosion
 G - the amulet "Taenak" (around neck) {Regen+ Str+9 Dex+4}
   (You took it off a yaktaur captain on level 5 of the Vaults)

   [amulet of regeneration]

   It affects your strength (+9).
   It affects your dexterity (+4).
   It increases your rate of regeneration.
 R - the ring of Qazlal's Generosity (left hand) {rF+ Dex+2}
   (You found it on level 8 of the Lair of Beasts)

   [ring of protection from fire]

   It affects your dexterity (+2).
   It protects you from fire.
Wands
 j - a wand of digging (15/24)
 A - a wand of teleportation (5/9)
Scrolls
 a - 10 scrolls of identify
 k - 21 scrolls of recharging
 n - 21 scrolls of teleportation
 r - 29 scrolls of remove curse
 x - 7 scrolls of blinking
 C - 11 scrolls of fear
 J - 3 scrolls of silence
 P - 7 scrolls of fog
Potions
 e - 40 potions of curing
 t - 11 potions of agility
 v - 5 potions of cancellation
 w - 11 potions of might
 K - 2 potions of cure mutation
 O - 5 potions of heal wounds
 T - 12 potions of flight
 U - 3 potions of resistance
 W - 4 potions of invisibility
Miscellaneous
 b - the horn of Geryon
 o - a plain deck of summoning {drawn: 3}
 p - a lamp of fire
 B - a box of beasts
 E - a box of beasts
 F - 2 phantom mirrors
 H - a stone of tremors
 M - a sack of spiders {used: 7}
 V - a phial of floods
 X - a fan of gales
Comestibles
 c - 29 bread rations
 g - 41 meat rations
 q - 30 beef jerkies
 D - 9 slices of pizza
 N - 8 royal jellies


   Skills:
 O Level 27 Fighting
 O Level 27 Axes
 O Level 27 Armour
 O Level 27 Dodging
 + Level 25.7 Stealth
 O Level 27 Shields
 O Level 27 Evocations


You had 26 spell levels left.
You didn't know any spells.

Dungeon Overview and Level Annotations

Branches:
Dungeon (15/15)            Temple (1/1) D:5            Lair (8/8) D:11
  Swamp (4/4) Lair:6       Spider (4/4) Lair:3        Slime (6/6) Lair:8
    Orc (2/2) D:10            Elf (3/3) Orc:2        Vaults (5/5) D:13
  Crypt (3/3) Vaults:3       Tomb (3/3) Crypt:3      Depths (5/5) D:15
   Hell (1/1)                 Dis (7/7) Hell            Geh (7/7) Hell
    Coc (7/7) Hell            Tar (7/7) Hell            Zot (5/5) Depths:5

Altars:
Ashenzari
Cheibriados
Dithmenos
Elyvilon
Fedhas
Gozag
Kikubaaqudgha
Makhleb
Nemelex Xobeh
Okawaru
Pakellas
Qazlal
Ru
Sif Muna
Trog
Vehumet
Xom
Yredelemnul
Zin
The Shining One
Beogh

Shops:
Orc:2 =*:!   Vaults:1 *   Vaults:4 (   Vaults:5 ????!?

Portals:
Hell: Depths:1 Depths:2 Depths:3 Depths:4 Depths:5
Abyss: Depths:2 Depths:4
Pandemonium: Depths:3 Depths:5
Ziggurat: Depths:4

Annotations:
D:13 exclusion: orange crystal statue
Elf:1 exclusion: orange crystal statue


Innate Abilities, Weirdness & Mutations

You reflexively headbutt those who attack you in melee.
You have a pair of horns on your head.
You are robust (+10% HP).


Message History

You are very lightly contaminated with residual magic.
Drink which item? (? for menu, Esc to quit)
It has a very clean taste.
Your body's shape seems more normal.
You feel less resistant to hostile enchantments.
You feel genetically unstable.
You feel agile.
You feel slightly disoriented.
Drink which item? (? for menu, Esc to quit)
You feel protected.
Drink which item? (? for menu, Esc to quit)
You fade into invisibility!
Read which item? (? for menu, Esc to quit)
As you read the scroll of summoning, it crumbles to dust.
Wisps of shadow whirl around you...
Read which item? (? for menu, Esc to quit)
As you read the scroll of summoning, it crumbles to dust.
Wisps of shadow whirl around you...
Read which item? (? for menu, Esc to quit)
Okay, then.
You feel the effects of Trog's Hand fading.
You have escaped!

########## #8..s@r.8#
###### #≈..l...≈#
#....#####
#§.gg..K≈####....#.(..
#≈......≈##......#....
#≈..88..≈##^..####....
#≈).....§##...####....
#≈.....§≈#............
#≈.....§§#....#####...
#8§.....8#......>.....


You could see a friendly giant gecko, a friendly giant cockroach, a friendly
hobgoblin, a friendly goblin, a friendly kobold and a friendly rat.

Vanquished Creatures
  Cerebov (Pan)
  Asmodeus (Geh:7)
  the Royal Jelly (Slime:6)
  Gloorx Vloq (Pan)
  Ereshkigal (Tar:7)
  Ignacio (Pan)
  A seraph (Pan)
  the Serpent of Hell (Tar:7)
  Lom Lobon (Pan)
  Mnoleg (Pan)
  5 ancient liches
  8 pandemonium lords (Pan)
  Dispater (Dis:7)
  Khufu (Tomb:2)
  2 orbs of fire (Zot:5)
  Mennas (Pan)
  A juggernaut (Depths:1)
  Sojobo (Depths:1)
  35 greater mummies
  Boris (Crypt:2)
  7 shard shrikes (Coc:7)
  Margery (Depths:4)
  Frederick (Depths:5)
  A Killer Klown (Zot:5)
  Saint Roka (Elf:2)
  Geryon (Hell)
  6 caustic shrikes
  Jory (Tar:2)
  the Enchantress (Depths:2)
  6 iron giants
  A profane servitor (Crypt:3)
  10 bone dragons
  11 golden dragons
  A pearl dragon (Pan)
  21 Brimstone Fiends
  2 hellephants (Abyss:3)
  27 Tzitzimimeh
  5 doom hounds
  13 liches
  An electric golem (Zot:5)
  Jorgrun (Depths:1)
  12 tentacled monstrosities
  17 Ice Fiends
  9 Hell Sentinels
  2 deep elf blademasters (Elf:3)
  Asterion (Elf:1)
  23 Orb Guardians
  A deep elf master archer (Elf:3)
  24 acid blobs
  The ghost of Anouleth the Bludgeoner, an adept MiFi of Okawaru (Elf:3)
  10 titans
  18 Executioners (Pan)
  3 tentacled starspawn
  3 eldritch tentacles
  7 death cobs
  3 ancient champions
  Kirke (Spider:1)
  11 sphinxes
  10 shadow dragons
  2 thorn hunters
  12 storm dragons
  2 draconian monks
  9 tengu reavers
  Roxanne (Swamp:4)
  5 azure jellies
  9 fire giants
  3 revenants
  9 frost giants
  14 daevas
  8 iron dragons
  5 deep elf sorcerers
  37 cacodemons
  2 orc warlords
  5 ghost moths
  23 balrugs
  2 draconian knights
  2 draconian zealots
  Aizul (Spider:1)
  7 emperor scorpions
  Louise (Spider:1)
  8 warmongers (Pan)
  12 vault wardens
  2 curse skulls
  2 draconian shifters
  A draconian scorcher (Depths:5)
  53 reapers
  A ghoul (Crypt:3)
  19 angels (Pan)
  3 deep elf elementalists
  36 very ugly things
  5 spriggan defenders
  4 elemental wellsprings
  2 war gargoyles
  4 draconian annihilators
  20 apis (Pan)
  18 ironheart preservers
  14 vampire knights
  23 stone giants
  15 ophanim
  6 bennus
  13 salamander stormcallers
  4 red draconians
  5 blood saints (Pan)
  9 purple draconians
  6 black draconians
  Azrael (Elf:1)
  14 lorocyprocas
  6 corrupters (Pan)
  5 deep elf demonologists
  5 green draconians
  15 deep elf annihilators
  5 mottled draconians
  A yellow draconian (Zot:2)
  9 chaos champions (Pan)
  11 black suns (Pan)
  8 deep elf death magi
  7 dire elephants (Abyss:3)
  2 white draconians (Zot:3)
  15 death oozes
  9 spark wasps
  30 blizzard demons
  6 crystal guardians (Elf:3)
  Josephine (Spider:1)
  19 green deaths
  11 ettins
  2 eidola
  5 quicksilver dragon zombies
  13 yaktaur captains
  28 jiangshi
  30 vault guards
  8 fire dragons
  24 mummy priests
  A merfolk impaler (Depths:3)
  The ghost of oplop the Champion of Chaos, a journeyman DDFi of Makhleb (D:14)
  5 deep elf high priests
  13 great orbs of eyes
  3 quicksilver dragon skeletons
  3 entropy weavers
  3 kraken zombies
  8 monstrous demonspawn (Pan)
  13 rakshasas
  8 hell beasts
  A spectral shadow dragon (Tar:2)
  22 ice dragons
  4 spriggan air magi
  2 ghost crabs
  A catoblepas (Lair:8)
  17 hydras
  2 ghost crabs (shapeshifter)
  8 death knights
  Erolcha (D:8)
  10 deep troll shamans
  8 centaur warriors
  9 alligators
  16 vampire magi
  4 death yaks (Lair:8)
  A queen ant (Lair:4)
  14 deep troll earth magi
  2 titan zombies
  22 ogre magi
  5 tengu warriors
  28 hell hogs
  23 dancing weapons
  3 shock serpents (Pan)
  10 thrashing horrors
  6 spriggan berserkers
  21 deep elf knights
  106 skeletal warriors
  33 soul eaters
  3 storm dragon zombies
  6 wretched stars
  57 sun demons
  7 storm dragon skeletons
  18 iron trolls
  2 fire crabs
  36 hell knights
  5 titan skeletons
  2 spatial maelstroms (Abyss:3)
  13 shadow wraiths
  2 salamander mystics
  A ghost moth zombie (Coc:7)
  26 death scarabs
  A swamp dragon (shapeshifter) (Vaults:2)
  A death drake (Tar:7)
  29 shadow demons
  An obsidian statue (WizLab)
  A spriggan druid (Swamp:4)
  10 gelid demonspawn (Pan)
  2 shambling mangroves
  13 cherubim (Pan)
  10 anaconda zombies
  A giant orange brain (Vaults:1)
  A giant orange brain (shapeshifter) (Depths:2)
  17 infernal demonspawn (Pan)
  5 golden dragon skeletons
  9 putrid demonspawn (Pan)
  3 unseen horrors
  22 flayed ghosts
  33 deep trolls
  5 golden dragon zombies
  22 hill giants
  15 deep elf archers
  15 ironbrand convokers
  2 lindwurms (Lair:8)
  14 swamp dragons
  8 harpies
  5 shadow dragon zombies
  7 anaconda skeletons
  29 anubis guards
  26 phantasmal warriors
  An orange crystal statue (Depths:2)
  11 torturous demonspawn
  15 orc knights
  71 ugly things
  18 orb spiders
  16 necromancers
  46 large abominations
  61 deep elf magi
  9 griffons
  39 wolf spiders
  8 orc sorcerers
  A sphinx zombie (Vaults:4)
  8 wolf spider zombies
  5 iron dragon zombies
  10 cyclopes
  12 wizards
  4 shadow dragon skeletons
  7 stone giant zombies
  21 salamanders
  3 shining eyes
  6 frost giant zombies
  A manticore (D:10)
  7 hornets
  7 fire giant zombies
  10 moths of wrath
  A salamander (shapeshifter) (D:15)
  4 worldbinders (WizLab)
  34 sixfirhies
  A sphinx skeleton (Vaults:4)
  2 frost giant skeletons
  2 guardian serpents
  2 apocalypse crabs
  A human skeleton (WizLab)
  A manticore (shapeshifter) (Vaults:5)
  6 black mambas
  An elephant (shapeshifter) (Vaults:2)
  5 fire giant skeletons
  5 dire elephant zombies
  33 rust devils
  8 elephants
  A guardian serpent (shapeshifter) (Depths:5)
  10 vault sentinels
  A black mamba (shapeshifter) (Vaults:1)
  3 iron dragon skeletons
  A shock serpent zombie (Tar:7)
  2 naga magi
  53 smoke demons
  18 molten gargoyles
  5 stone giant skeletons
  2 titan simulacra
  2 eyes of devastation
  2 torpor snails
  A shock serpent skeleton (Geh:2)
  2 storm dragon simulacra (Coc:7)
  3 dire elephant skeletons
  5 centaur skeletons
  19 spiny frogs
  2 kobold demonologists (Vaults:1)
  44 orange demons
  4 emperor scorpion zombies
  A gargoyle (D:13)
  A yellow draconian zombie (Geh:2)
  A swamp worm zombie (Swamp:3)
  35 demonic crawlers
  A yaktaur (shapeshifter) (Depths:4)
  8 efreet
  4 anaconda simulacra
  2 rime drakes
  30 tormentors
  34 hellions
  48 yaktaurs
  4 tengu conjurers
  40 guardian mummies
  15 hydra zombies
  48 ice devils
  40 freezing wraiths
  7 komodo dragons
  A redback zombie (D:15)
  9 ancient zymes
  24 hellwings
  3 silent spectres
  45 jumping spiders
  40 red devils
  2 harpy zombies
  12 trolls
  A white draconian skeleton (Crypt:2)
  Prince Ribbit (D:7)
  A wind drake (shapeshifter) (Depths:1)
  45 two-headed ogres
  7 ushabtiu
  4 polar bears
  4 raiju (Abyss:3)
  A two-headed ogre (shapeshifter) (Vaults:3)
  A wolf spider simulacrum (Crypt:1)
  A boulder beetle (Vaults:3)
  2 harpy skeletons
  A queen bee (shapeshifter) (Depths:1)
  33 blink frogs
  9 fire dragon zombies
  5 giant leeches
  A slime creature (shapeshifter) (Depths:2)
  A blink frog (shapeshifter) (D:13)
  105 slime creatures
  12 bog bodies
  7 alligator zombies
  6 ice dragon zombies
  164 flying skulls
  8 hydra skeletons
  2 iron dragon simulacra
  8 ice dragon skeletons
  6 ettin zombies
  Sigmund (D:4)
  2 centaur simulacra
  13 starcursed masses
  2 black mamba zombies
  12 spriggans
  A human (shapeshifter) (Vaults:1)
  73 redbacks
  30 tarantellas
  An alligator skeleton (Coc:1)
  2 spriggans (shapeshifter)
  22 water elementals
  6 wyverns
  A wyvern (shapeshifter) (Abyss:3)
  37 shadows
  A vampire (D:13)
  6 ettin skeletons
  5 air elementals
  4 hogs (Spider:1)
  53 yaks
  31 ynoxinuls
  5 fire dragon skeletons
  11 basilisks
  13 fire elementals
  29 wraiths
  12 chaos spawn
  2 fire bats (Geh:2)
  11 golden eyes
  3 steam dragons
  A hippogriff (shapeshifter) (Elf:3)
  11 hippogriffs
  11 hungry ghosts
  33 neqoxecs
  A mottled dragon (Vaults:1)
  20 swamp worms
  26 vampire mosquitoes
  Menkaure (D:7)
  Edmund (D:5)
  12 soldier ants
  13 small abominations
  12 wargs
  A soldier ant (shapeshifter) (Elf:3)
  25 insubstantial wisps
  6 spiny frog zombies
  15 water moccasins
  8 porcupines
  8 spatial vortices
  Duvessa (D:7)
  A deep troll skeleton (Crypt:2)
  A giant eyeball (Depths:3)
  3 hydra simulacra (Coc:7)
  A torturous demonspawn skeleton (WizLab)
  40 hell hounds
  A giant eyeball (shapeshifter) (Vaults:5)
  44 orc warriors
  A merfolk skeleton (Geh:2)
  A swamp drake (shapeshifter) (Vaults:4)
  9 swamp drakes
  10 ice beasts
  An infernal demonspawn skeleton (Geh:2)
  7 snapping turtle zombies
  An alligator simulacrum (Crypt:1)
  An ettin simulacrum (Tar:5)
  18 wasps
  2 black bears (Lair:8)
  3 eyes of draining
  13 phantoms
  7 spiny frog skeletons
  23 necrophages
  2 manticore zombies
  A swamp dragon skeleton (Coc:7)
  9 centaurs
  4 sky beasts
  3 swamp dragon zombies
  10 boggarts
  An ogre (shapeshifter) (Elf:2)
  22 wolves
  70 ogres
  6 snapping turtle skeletons
  A torpor snail zombie (Crypt:1)
  19 crocodiles
  An elephant skeleton (Crypt:2)
  An elf zombie (Dis:7)
  A dryad zombie (Crypt:1)
  A komodo dragon zombie (Swamp:3)
  26 giant frogs
  3 earth elementals
  2 gnoll sergeants
  A spiny frog simulacrum (Coc:7)
  A water moccasin zombie (Swamp:3)
  Dowan (D:7)
  7 scorpions
  A yak zombie (Crypt:1)
  A swamp dragon simulacrum (Coc:5)
  9 killer bees
  55 wights
  3 spriggan skeletons
  9 crimson imps
  An electric eel (Lair:6)
  6 howler monkeys
  2 giant frog zombies
  4 centaur zombies
  25 jellies
  A quasit (Depths:3)
  A wyvern simulacrum (D:11)
  2 human zombies
  11 hounds
  24 orc wizards
  18 orc priests
  21 iron imps
  2 giant frog skeletons
  12 iguanas
  39 worker ants
  A porcupine zombie (Crypt:2)
  A yak simulacrum (D:15)
  4 polar bear simulacra (D:15)
  A porcupine skeleton (Crypt:2)
  A wolf simulacrum (D:15)
  14 sheep
  A killer bee zombie (D:11)
  2 crocodile zombies (Swamp:3)
  A deep dwarf skeleton (Crypt:1)
  A naga skeleton (Tar:2)
  A tengu skeleton (Tar:2)
  54 mummies
  A worker ant zombie (D:10)
  A howler monkey zombie (D:11)
  A killer bee simulacrum (D:11)
  31 gnolls
  9 adders
  67 river rats
  A steam dragon skeleton (Crypt:2)
  14 shadow imps
  28 white imps
  4 ufetubi
  2 oozes (Lair:8)
  3 worms
  3 ball lightnings (Pan)
  2 dart slugs
  4 giant geckos
  152 orcs
  4 bats
  5 giant cockroaches
  25 goblins
  16 hobgoblins
  12 jackals
  4 kobolds
  8 quokkas
  2 giant gecko skeletons
  2 giant newts (D:1)
  A gnoll skeleton (Crypt:1)
  A hobgoblin zombie (Crypt:1)
  A jackal skeleton (D:8)
  A kobold zombie (Geh:7)
  An orc skeleton (Tar:2)
  12 rats
  5 river rat simulacra (D:15)
  4 fire vortices
  11 fungi
  2 lurking horrors (Abyss:3)
  8 plants
  2 starspawn tentacles (Abyss:3)
  4 tentacles
5330 creatures vanquished.

Vanquished Creatures (collateral kills)
  Antaeus (Coc:7)
  A greater mummy (Tomb:1)
  A Tzitzimitl (Tar:7)
  A bone dragon (Abyss:3)
  A Brimstone Fiend (Tar:7)
  A lich (Tar:7)
  A titan (Vaults:5)
  3 daevas (Pan)
  A frost giant (Vaults:3)
  Donald (Orc:2)
  A deep elf sorcerer (Elf:3)
  A cacodemon (Pan)
  A curse skull (Pan)
  2 reapers
  A deep elf annihilator (Vaults:3)
  A deep elf demonologist (Vaults:3)
  A blizzard demon (Abyss:3)
  A mummy priest (Tomb:3)
  2 ogre magi (Orc:2)
  3 hydras
  An orc high priest (Orc:1)
  A hell hog (Dis:3)
  2 deep elf knights (Vaults:3)
  A wretched star (Abyss:3)
  5 skeletal warriors
  A deep troll (Vaults:1)
  A hell knight (Hell)
  A swamp dragon (Swamp:1)
  A deep elf archer (Vaults:3)
  An anubis guard (Tomb:3)
  2 hill giants (Orc:1)
  An orc sorcerer (Orc:1)
  An orc knight (Bailey)
  A hornet (Swamp:1)
  An oklob plant (Lair:2)
  A cyclops (Orc:1)
  A vault sentinel (Vaults:3)
  An ice devil (Dis:7)
  A tormentor (Dis:7)
  A raiju (Orc:2)
  3 two-headed ogres (Orc:2)
  3 slime creatures (Swamp:4)
  2 flying skulls (Crypt:3)
  A warg (Orc:2)
  2 vampire mosquitoes (Swamp:1)
  A spiny frog zombie (Dis:7)
  A hydra simulacrum (Crypt:3)
  A hell hound (Dis:3)
  2 orc warriors
  7 ogres (Orc:2)
  An orc wizard (Orc:2)
  7 worker ants (Lair:4)
  A gnoll (Bailey)
  A river rat (Lair:4)
  2 orcs
87 creatures vanquished.

Vanquished Creatures (others)
  Norris (Depths:2)
  A sphinx (Tomb:1)
  An eldritch tentacle (Zot:5)
  A fire giant (Depths:4)
  An elemental wellspring (Coc:7)
  A stone giant (Depths:1)
  2 yaktaur captains
  2 centaur warriors
  A dancing weapon (Elf:1)
  A deep elf knight (Elf:3)
  12 death scarabs (Tomb:2)
  A titan skeleton (Tomb:3)
  An anaconda zombie (Geh:2)
  2 putrid demonspawn (Pan)
  A deep elf archer (Elf:1)
  An anubis guard (Tomb:3)
  A deep elf mage (Vaults:3)
  2 salamanders
  A torpor snail (Lair:8)
  A freezing wraith (D:13)
  8 yaktaurs
  An ice devil (Pan)
  2 red devils (Pan)
  A guardian mummy (Tomb:2)
  2 blink frogs (Lair:8)
  A raiju (Abyss:3)
  11 flying skulls
  A fire giant simulacrum (Tomb:2)
  An air elemental (Elf:2)
  A big kobold (Vaults:1)
  A water elemental (Depths:1)
  A yak (Lair:8)
  A hippogriff (Lair:8)
  A fire elemental (Elf:1)
  2 neqoxecs (Pan)
  A tengu (Slime:1)
  2 boggarts
  An elf skeleton (Geh:7)
  A small abomination (Abyss:3)
  A ball lightning (Pan)
  1264 eldritch tentacle segments
  A fire vortex (Pan)
  A fungus (Lair:7)
  6 lost souls
  A plant (Lair:8)
  7 starspawn tentacles (Abyss:3)
  15 starspawn tentacle segments (Abyss:3)
  16 tentacles
  134 tentacle segments
1521 creatures vanquished.

Grand Total: 6938 creatures vanquished

Notes
Turn   | Place    | Note
--------------------------------------------------------------
     0 | D:1      | mistymad the Minotaur Berserker began the quest for the Orb.
     0 | D:1      | Reached XP level 1. HP: 19/19 MP: 0/0
   205 | D:1      | Reached XP level 2. HP: 25/27 MP: 1/1
   838 | D:2      | Reached XP level 3. HP: 32/33 MP: 2/2
   846 | D:2      | Reached ** piety under Trog
  1204 | D:2      | Found a shadowy altar of Dithmenos.
  1204 | D:2      | Found a shattered altar of Ashenzari.
  1470 | D:2      | Reached XP level 4. HP: 41/41 MP: 3/3
  1875 | D:3      | Reached *** piety under Trog
  1988 | D:3      | Reached XP level 5. HP: 47/47 MP: 4/4
  2334 | D:4      | Noticed an ogre
  2339 | D:4      | Killed an ogre
  2339 | D:4      | Reached skill level 5 in Fighting
  2379 | D:4      | Reached skill level 5 in Axes
  2426 | D:4      | Reached XP level 6. HP: 48/56 MP: 3/5
  2828 | D:4      | Reached XP level 7. HP: 55/62 MP: 6/6
  2874 | D:4      | Noticed Sigmund
  2998 | D:4      | Killed Sigmund
  2998 | D:4      | Reached skill level 5 in Armour
  2998 | D:4      | Reached skill level 5 in Dodging
  3267 | D:4      | Reached **** piety under Trog
  3428 | D:4      | Reached XP level 8. HP: 65/71 MP: 5/7
  3436 | D:5      | Entered Level 5 of the Dungeon
  3459 | D:5      | Gained mutation: You are partially covered in large bone plates (AC +2, SH +2). [mutagenic meat]
  3460 | D:5      | Gained mutation: You tend to lose your temper in combat. [mutagenic meat]
  3461 | D:5      | Gained mutation: You are somewhat resistant to further mutation. [mutagenic meat]
  3480 | D:5      | Noticed Edmund
  3496 | D:5      | Killed Edmund
  3800 | D:5      | Got a warped shield
  3806 | D:5      | Identified the cursed -9 shield "Poedyj" {rCorr} (You found it on level 5 of the Dungeon)
  3855 | D:5      | Gained mutation: Your spells are a little easier to cast, but a little less powerful. [mutagenic meat]
  3971 | D:5      | Found a staircase to the Ecumenical Temple.
  4219 | Temple   | Entered the Ecumenical Temple
  4778 | D:6      | Found a shattered altar of Ashenzari.
  4867 | D:6      | Reached XP level 9. HP: 75/81 MP: 6/8
  5609 | D:7      | Noticed Menkaure
  5773 | D:7      | Killed Menkaure
  6202 | D:7      | Noticed Prince Ribbit
  6207 | D:7      | Killed Prince Ribbit
  6395 | D:7      | Found an oddly glowing altar of Pakellas.
  6417 | D:7      | Got a dazzling whip
  6425 | D:7      | Identified the +10 whip of Shame {slash, rF+ Int+2} (You found it on level 7 of the Dungeon)
  6515 | D:7      | Reached ***** piety under Trog
  6572 | D:7      | Noticed Duvessa
  6572 | D:7      | Noticed Dowan
  6580 | D:7      | Killed Dowan
  6580 | D:7      | Reached skill level 1 in Shields
  6582 | D:7      | Killed Duvessa
  6616 | D:7      | Reached XP level 10. HP: 91/91 MP: 9/9
  7222 | D:8      | Noticed Erolcha
  7231 | D:8      | Killed Erolcha
  7949 | D:9      | Reached skill level 10 in Axes
  7967 | D:9      | Noticed a hill giant
  7973 | D:9      | Killed a hill giant
  7973 | D:9      | Reached skill level 10 in Fighting
  8382 | D:9      | Found a radiant altar of Vehumet.
  8384 | D:9      | Found a bloodstained altar of Trog.
  8385 | D:9      | Found a deep blue altar of Sif Muna.
  8387 | D:9      | Found a blossoming altar of Fedhas.
  8388 | D:9      | Found a snail-covered altar of Cheibriados.
  8565 | D:10     | Entered Level 10 of the Dungeon
  8583 | D:10     | Noticed a manticore
  8590 | D:10     | Killed a manticore
  8590 | D:10     | Reached skill level 10 in Armour
  8619 | D:10     | Received a gift from Trog
  8715 | D:10     | Found a roughly hewn altar of Beogh.
  8715 | D:10     | Found a staircase to the Orcish Mines.
  8800 | D:10     | Found a flagged portal.
  8910 | Bailey   | Entered a bailey
  9008 | Bailey   | Reached XP level 11. HP: 100/100 MP: 3/10
  9305 | Bailey   | Noticed an orc warlord
  9305 | Bailey   | Noticed an orc knight
  9320 | Bailey   | Killed an orc knight
  9320 | Bailey   | Reached skill level 5 in Shields
  9325 | Bailey   | Killed an orc warlord
  9335 | Bailey   | Noticed an orc knight
  9340 | Bailey   | Killed an orc knight
  9447 | Bailey   | Received a gift from Trog
  9587 | D:10     | Noticed an orc knight
  9594 | D:10     | Killed an orc knight
  9733 | D:10     | Noticed a hill giant
  9742 | D:10     | Killed a hill giant
  9742 | D:10     | Reached skill level 10 in Dodging
 10296 | D:10     | Noticed an unseen horror
 10298 | D:10     | Killed an unseen horror
 10468 | Orc:1    | Entered Level 1 of the Orcish Mines
 10481 | Orc:1    | Reached ****** piety under Trog
 10548 | Orc:1    | Received a gift from Trog
 10666 | Orc:1    | Noticed a hill giant
 10674 | Orc:1    | Killed a hill giant
 10696 | Orc:1    | Noticed a hill giant
 10697 | Orc:1    | Noticed an orc sorcerer
 10698 | Orc:1    | Noticed a hill giant
 10698 | Orc:1    | Noticed a hill giant
 10715 | Orc:1    | Killed a hill giant
 10715 | Orc:1    | Paralysed by an orc sorcerer for 4 turns
 10722 | Orc:1    | Killed an orc sorcerer
 10729 | Orc:1    | Killed a hill giant
 10731 | Orc:1    | Noticed a hill giant
 10734 | Orc:1    | Killed a hill giant
 10789 | Orc:1    | Killed a hill giant
 10789 | Orc:1    | Reached XP level 12. HP: 78/110 MP: 2/11
 11013 | Orc:1    | Noticed an orc high priest
 11019 | Orc:1    | Killed an orc high priest
 11146 | Orc:1    | Noticed a stone giant
 11163 | Orc:1    | Killed a stone giant
 11453 | Orc:1    | Received a gift from Trog
 11529 | Orc:1    | Paralysed by an orc sorcerer for 7 turns
 11755 | Orc:1    | Noticed an ogre mage
 11756 | Orc:1    | Noticed an ogre mage
 11768 | Orc:1    | Killed an ogre mage
 11775 | Orc:1    | Killed an ogre mage
 11922 | Orc:2    | Entered Level 2 of the Orcish Mines
 12373 | D:11     | Found a staircase to the Lair.
 12574 | D:11     | Reached XP level 13. HP: 117/119 MP: 2/12
 13284 | Lair:1   | Entered Level 1 of the Lair of Beasts
 14463 | Lair:2   | Found a blossoming altar of Fedhas.
 14606 | Lair:2   | Received a gift from Trog
 15355 | Lair:3   | Found a hole to the Spider Nest.
 15574 | Lair:3   | Reached skill level 10 in Shields
 16151 | Lair:4   | Reached skill level 1 in Evocations
 16228 | Lair:4   | Received a gift from Trog
 17531 | Lair:5   | Reached XP level 14. HP: 125/129 MP: 5/15
 18186 | Lair:6   | Received a gift from Trog
 18532 | Lair:6   | Found a staircase to the Swamp.
 19376 | Lair:7   | Received a gift from Trog
 19447 | Lair:7   | Got a pair of bloodstained gloves
 19453 | Lair:7   | Identified the +0 pair of gloves "Ysoiv" {rElec rN+++ MP-9 Dex+2} (You found it on level 7 of the Lair of Beasts)
 20063 | Lair:8   | Entered Level 8 of the Lair of Beasts
 20675 | Lair:8   | Received a gift from Trog
 20686 | Lair:8   | Got a shimmering executioner's axe {god gift}
 20700 | Lair:8   | Lost intelligence.
 20700 | Lair:8   | Identified the +11 executioner's axe of Fextur {chop, rPois MR+ Int-5 Dex+4} (Trog gifted it to you on level 8 of the Lair of Beasts)
 21011 | Lair:8   | Got a shimmering wooden ring
 21027 | Lair:8   | Identified the ring of Qazlal's Generosity {rF+ Dex+2} (You found it on level 8 of the Lair of Beasts)
 21111 | Lair:8   | Found a staircase to the Slime Pits.
 22022 | Orc:2    | Cast into level 3 of the Abyss (an ogre mage)
 22054 | Abyss:3  | Found a corrupted altar of Lugonu.
 22082 | Abyss:3  | Noticed a daeva
 22132 | Abyss:3  | Killed a daeva
 22132 | Abyss:3  | Reached skill level 5 in Evocations
 22132 | Abyss:3  | Reached XP level 15. HP: 138/139 MP: 2/17
 22159 | Abyss:3  | Noticed a bone dragon
 22172 | Abyss:3  | Killed a bone dragon
 22172 | Abyss:3  | Lost intelligence.
 22204 | Abyss:3  | Received a gift from Trog
 22447 | Abyss:3  | Noticed a lich
 22468 | Abyss:3  | Killed a lich
 22479 | Orc:2    | Escaped the Abyss
 22486 | Orc:2    | Found Emips's Book Boutique.
 22486 | Orc:2    | Found Kiebagum's Distillery.
 22521 | Orc:2    | Noticed Donald
 22575 | Orc:2    | Killed Donald
 22671 | Orc:2    | Found Emok's Jewellery Shoppe.
 22697 | Orc:2    | Found Loar Deu's General Store.
 22780 | Orc:2    | Bought a potion of mutation for 37 gold pieces
 22780 | Orc:2    | Bought a potion of heal wounds for 75 gold pieces
 22780 | Orc:2    | Bought a potion of agility for 60 gold pieces
 22780 | Orc:2    | Bought a potion of mutation for 37 gold pieces
 22780 | Orc:2    | Bought a potion of curing for 45 gold pieces
 22780 | Orc:2    | Bought 2 potions of curing for 90 gold pieces
 22781 | Orc:2    | Bought a scroll of identify for 24 gold pieces
 22854 | Orc:2    | Found a staircase to the Elven Halls.
 23064 | Orc:2    | Bought an uncursed amulet of the gourmand for 450 gold pieces
 23064 | Orc:2    | Bought a cursed ring of teleportation for 67 gold pieces
 23065 | Orc:2    | Bought a scroll of acquirement for 624 gold pieces
 23453 | Swamp:1  | Entered Level 1 of the Swamp
 23531 | Swamp:1  | Reached skill level 15 in Fighting
 23825 | Swamp:2  | Reached skill level 15 in Armour
 25432 | Swamp:1  | Reached XP level 16. HP: 149/149 MP: 3/19
 26108 | Swamp:3  | Noticed a thorn hunter
 26114 | Swamp:3  | Killed a thorn hunter
 26172 | Swamp:3  | Reached skill level 15 in Axes
 26383 | Swamp:3  | Received a gift from Trog
 26394 | Swamp:3  | Got a slimy broad axe {god gift}
 26396 | Swamp:3  | Identified the +6 broad axe of Enuususs {venom, +Inv rElec rC-} (Trog gifted it to you on level 3 of the Swamp)
 26714 | Swamp:4  | Entered Level 4 of the Swamp
 28335 | Swamp:4  | Noticed Roxanne
 28421 | Swamp:4  | Noticed a thorn hunter
 28636 | Swamp:4  | Killed a thorn hunter
 28681 | Swamp:4  | Noticed a tentacled monstrosity
 28693 | Swamp:4  | Killed a tentacled monstrosity
 28693 | Swamp:4  | Reached skill level 15 in Dodging
 29197 | Swamp:4  | Gained mutation: You have a somewhat thin skeletal structure (Dex +2, Stealth). [mutagenic meat]
 29200 | Swamp:4  | Gained mutation: You have sharp fingernails. [mutagenic meat]
 29202 | Swamp:4  | Lost mutation: Your spells are a little easier to cast, but a little less powerful. [mutagenic meat]
 29247 | Swamp:4  | Got a decaying rune of Zot
 29566 | Swamp:4  | Killed Roxanne
 30071 | Spider:1 | Entered Level 1 of the Spider Nest
 30099 | Spider:1 | Reached XP level 17. HP: 158/158 MP: 13/22
 30125 | Spider:1 | Noticed Louise
 30133 | Spider:1 | Cast into level 2 of the Abyss (Louise)
 30144 | Abyss:2  | Found a corrupted altar of Lugonu.
 30377 | Abyss:2  | Found a corrupted altar of Lugonu.
 30458 | Spider:1 | Escaped the Abyss
 30469 | Spider:1 | Killed Louise
 30572 | Spider:1 | Noticed Aizul
 30576 | Spider:1 | Noticed Josephine
 30589 | Spider:1 | Killed Josephine
 30595 | Spider:1 | Killed Aizul
 30889 | Spider:1 | Noticed Kirke
 31003 | Spider:1 | Killed Kirke
 32071 | Spider:3 | Gained mutation: Your magical capacity is low (-10% MP). [mutagenic meat]
 32387 | Spider:3 | Received a gift from Trog
 32403 | Spider:3 | Got a crystal battleaxe {god gift}
 32432 | Spider:3 | Identified the +10 battleaxe of the Kidney {flame, *Rage Dex+3 Stlth+} (Trog gifted it to you on level 3 of the Spider Nest)
 33100 | Spider:3 | Reached skill level 15 in Shields
 33247 | Spider:4 | Entered Level 4 of the Spider Nest
 33588 | Spider:4 | Received a gift from Trog
 33656 | Spider:4 | Reached XP level 18. HP: 165/168 MP: 12/21
 34333 | Spider:4 | Gained mutation: You have large cloven feet. [mutagenic meat]
 34657 | Spider:4 | Reached skill level 10 in Evocations
 34673 | Spider:4 | Received a gift from Trog
 34783 | Spider:4 | Got a gossamer rune of Zot
 35223 | D:12     | Gained mutation: You are partially covered in icy blue scales (AC +1). [mutagenic meat]
 35981 | D:13     | Lost intelligence.
 36696 | D:13     | Found a gate to the Vaults.
 37454 | D:14     | Noticed oplop's ghost (journeyman DDFi)
 37472 | D:14     | Received a gift from Trog
 37489 | D:14     | Killed oplop's ghost
 37513 | D:14     | Got an ichor-stained broad axe {god gift}
 37514 | D:14     | Identified the +8 broad axe "Grum" {holy, rPois rC- Stlth+} (Trog gifted it to you on level 14 of the Dungeon)
 37847 | D:13     | Got a wavering granite ring
 37847 | D:13     | Lost intelligence.
 38063 | D:15     | Entered Level 15 of the Dungeon
 38500 | D:15     | Found a staircase to the Depths.
 38780 | D:15     | Gained mutation: Your spells are a little easier to cast, but a little less powerful. [mutagenic meat]
 39002 | D:15     | Identified the ring "Zaekynn" {MR+ Int+2 Dex+3} (You found it on level 13 of the Dungeon)
 39119 | Vaults:1 | Entered Level 1 of the Vaults
 39138 | Vaults:1 | Received a gift from Trog
 39293 | Vaults:1 | Reached XP level 19. HP: 177/177 MP: 14/23
 39843 | Vaults:1 | Received a gift from Trog
 39945 | Vaults:1 | Hired Zaag the big kobold for 91 gold.
 40081 | Vaults:1 | Your ally Zaag died
 40145 | Vaults:1 | Found Witriz's Assorted Antiques.
 40179 | Vaults:1 | Bought a scroll of identify for 64 gold pieces
 40720 | Vaults:1 | Drew Focus: Str increased to 25, Int decreased to 3
 40864 | Vaults:1 | Lost mutation: You are somewhat resistant to further mutation. [mutagenic meat]
 40961 | Vaults:1 | Lost mutation: Your magical capacity is low (-10% MP). [mutagenic meat]
 40962 | Vaults:1 | Gained mutation: You evolve. [mutagenic meat]
 40963 | Vaults:1 | Gained mutation: You are frail (-10% HP). [mutagenic meat]
 41382 | Vaults:2 | Lost mutation: You have large cloven feet. [mutagenic meat]
 41383 | Vaults:2 | Gained mutation: Your natural rate of healing is unusually fast. [mutagenic meat]
 41385 | Vaults:2 | Lost mutation: You are frail (-10% HP). [mutagenic meat]
 41386 | Vaults:2 | Gained mutation: You expend magic power (3 MP) to strengthen your wands. [mutagenic meat]
 41387 | Vaults:2 | Gained mutation: You are frail (-10% HP). [mutagenic meat]
 41388 | Vaults:2 | Gained mutation: You are resistant to hostile enchantments. [mutagenic meat]
 41390 | Vaults:2 | Gained mutation: Your body sometimes deteriorates upon taking damage. [mutagenic meat]
 41391 | Vaults:2 | Lost mutation: Your body sometimes deteriorates upon taking damage. [mutagenic meat]
 41393 | Vaults:2 | Gained mutation: Your mind is acute. (Int +2) [mutagenic meat]
 41618 | Vaults:2 | Received a gift from Trog
 41923 | Vaults:2 | Gained mutation: Your movements are slightly less encumbered by armour (ER -2). [mutagenic meat]
 41924 | Vaults:2 | Lost mutation: You are frail (-10% HP). [mutagenic meat]
 41929 | Vaults:2 | Lost mutation: You expend magic power (3 MP) to strengthen your wands. [mutagenic meat]
 42548 | Vaults:3 | Received a gift from Trog
 43123 | Vaults:3 | Found a staircase to the Crypt.
 43284 | Vaults:3 | Reached XP level 20. HP: 189/189 MP: 18/27
 43509 | Vaults:3 | Gained mutation: You heal very quickly. [evolution]
 43514 | Vaults:3 | Received a gift from Trog
 44458 | Vaults:4 | Received a gift from Trog
 44958 | Vaults:4 | Found Zulismem's Antique Weapon Shop.
 45085 | Vaults:4 | Reached XP level 21. HP: 196/196 MP: 20/29
 45471 | Vaults:4 | Received a gift from Trog
 45974 | Vaults:4 | Got a warped iron amulet
 45977 | Vaults:4 | Identified the amulet "Heolaih" {+Rage rElec MR- Int+3} (You acquired it on level 4 of the Vaults)
 46037 | Vaults:5 | Entered Level 5 of the Vaults
 46132 | Vaults:5 | Received a gift from Trog
 46132 | Vaults:5 | Reached XP level 22. HP: 146/206 MP: 21/30
 46777 | Vaults:5 | Identified the Disquisition on Dark Secrets and Venom
 47078 | Vaults:5 | Noticed a golden dragon
 47087 | Vaults:5 | Killed a golden dragon
 47094 | Vaults:5 | Noticed a golden dragon
 47099 | Vaults:5 | Noticed a golden dragon
 47107 | Vaults:5 | Received a gift from Trog
 47110 | Vaults:5 | Killed a golden dragon
 47115 | Vaults:5 | Killed a golden dragon
 47258 | Vaults:5 | Lost mutation: Your spells are a little easier to cast, but a little less powerful. [evolution]
 47447 | Vaults:5 | Got an ancient jade ring
 47450 | Vaults:5 | Identified the ring "Lelasop" {*Tele rC+ MP+9} (You found it on level 5 of the Vaults)
 47601 | Vaults:5 | Got a pitted emerald amulet
 47661 | Vaults:5 | Noticed a golden dragon
 47721 | Vaults:5 | Killed a golden dragon
 48199 | Vaults:5 | Received a gift from Trog
 48530 | Vaults:5 | Identified the Collected Works on Aid and the Birds
 48539 | Vaults:5 | Identified the Reference Book on Changing and Poison
 48541 | Vaults:5 | Got a silver rune of Zot
 48657 | Vaults:5 | Got a smoking plate armour
 48669 | Vaults:5 | Identified the +8 plate armour "Mezunn" {rF- Dex+4} (You found it on level 5 of the Vaults)
 48844 | Vaults:5 | Found Ushaqunt's Distillery.
 48849 | Vaults:5 | Bought a potion of resistance for 130 gold pieces
 48849 | Vaults:5 | Bought a potion of heal wounds for 65 gold pieces
 48849 | Vaults:5 | Bought a potion of heal wounds for 65 gold pieces
 48849 | Vaults:5 | Bought a potion of haste for 130 gold pieces
 48849 | Vaults:5 | Bought a potion of heal wounds for 65 gold pieces
 48849 | Vaults:5 | Bought a potion of might for 52 gold pieces
 48849 | Vaults:5 | Bought a potion of cure mutation for 325 gold pieces
 48857 | Vaults:5 | Found Ulatuez's Magic Scroll Boutique.
 48857 | Vaults:5 | Found Subuishu's Magic Scroll Shoppe.
 48870 | Vaults:5 | Found Ixigoto's Magic Scroll Emporium.
 48870 | Vaults:5 | Found Rawk's Food Boutique.
 48894 | Vaults:5 | Found Emesh's Food Shop.
 48919 | Vaults:5 | Found Fukirawk's Magic Scroll Emporium.
 48927 | Vaults:5 | Identified the amulet "Taenak" {Regen+ Str+9 Dex+4} (You took it off a yaktaur captain on level 5 of the Vaults)
 48951 | Vaults:5 | Found Qiry Yta's Magic Scroll Shoppe.
 48977 | Vaults:5 | Reached XP level 23. HP: 167/215 MP: 23/32
 49725 | Elf:1    | Entered Level 1 of the Elven Halls
 49761 | Elf:1    | Noticed Azrael
 49778 | Elf:1    | Killed Azrael
 49798 | Elf:1    | Found a magical portal.
 49871 | WizLab   | Entered The Roulette of Golubria
 49875 | WizLab   | Found a corrupted altar of Lugonu.
 49876 | WizLab   | Found a corrupted altar of Lugonu.
 50265 | WizLab   | Identified the Papyrus of Dislocation
 50595 | WizLab   | Found a corrupted altar of Lugonu.
 50605 | WizLab   | Identified Golubria's Disquisition on the Compass
 50872 | Elf:1    | Received a gift from Trog
 51430 | Elf:1    | Noticed Asterion
 51441 | Elf:1    | Killed Asterion
 51695 | Elf:2    | Noticed Saint Roka
 51721 | Elf:2    | Killed Saint Roka
 52102 | Elf:2    | Found a huge runed gate.
 52102 | Elf:2    | Found a huge runed gate.
 52102 | Elf:2    | Found a huge runed gate.
 52104 | Elf:2    | Found a huge runed gate.
 52105 | Elf:2    | Found a huge runed gate.
 52456 | Elf:2    | Lost mutation: You are partially covered in icy blue scales (AC +1). [evolution]
 52796 | Elf:2    | Received a gift from Trog
 52804 | Elf:3    | Entered Level 3 of the Elven Halls
 53163 | Elf:3    | Noticed Anouleth's ghost (adept MiFi)
 53184 | Elf:3    | Killed Anouleth's ghost
 53433 | Elf:3    | Received a gift from Trog
 53451 | Elf:3    | Got a fine war axe {god gift}
 53471 | Elf:3    | Identified the +7 war axe "Edwip" {venom, +Rage Dex+3 Stlth+} (Trog gifted it to you on level 3 of the Elven Halls)
 53552 | Elf:3    | Reached XP level 24. HP: 195/226 MP: 23/32
 53608 | Elf:3    | Got a bound graven amulet
 53685 | Elf:3    | Got a pitted cloak
 53697 | Elf:3    | Identified the +2 cloak "Feurchili" {+Inv MR+ Regen+} (You found it on level 3 of the Elven Halls)
 53731 | Elf:3    | Identified the amulet "Ulubluin" {+Rage rF+ Dex+4} (You took it off a deep elf annihilator on level 3 of the Elven Halls)
 53746 | Elf:3    | Lost mutation: You have a somewhat thin skeletal structure (Dex +2, Stealth). [helix card]
 53746 | Elf:3    | Lost mutation: You are resistant to hostile enchantments. [helix card]
 53824 | Elf:3    | Got a fine tin ring
 53868 | Elf:3    | Identified the ring of the Monkey's Uncle {MP+9 Str+4 Dex+4} (You found it on level 3 of the Elven Halls)
 54161 | Elf:3    | Found an ancient bone altar of Kikubaaqudgha.
 54800 | Depths:1 | Entered Level 1 of the Depths
 54822 | Depths:1 | Noticed Sojobo
 54872 | Depths:1 | Killed Sojobo
 54919 | Depths:1 | Gained mutation: You are partially covered in rugged brown scales (AC +1, +3% HP). [mutagenic meat]
 54920 | Depths:1 | Gained mutation: You expend magic power (3 MP) to strengthen your wands. [mutagenic meat]
 54921 | Depths:1 | Gained mutation: You are robust (+10% HP). [mutagenic meat]
 54922 | Depths:1 | Gained mutation: You possess an exceptional clarity of mind. [mutagenic meat]
 54924 | Depths:1 | Lost mutation: You are robust (+10% HP). [mutagenic meat]
 54927 | Depths:1 | Gained mutation: You are resistant to hostile enchantments. [mutagenic meat]
 54928 | Depths:1 | Gained mutation: You are resistant to electric shocks. [mutagenic meat]
 54930 | Depths:1 | Lost mutation: You tend to lose your temper in combat. [mutagenic meat]
 55031 | Depths:1 | Lost mutation: You heal very quickly. [mutagenic meat]
 55140 | Depths:1 | Received a gift from Trog
 55164 | Depths:1 | Found a gateway to Hell.
 55179 | Depths:1 | Noticed Jorgrun
 55189 | Depths:1 | Killed Jorgrun
 56081 | Depths:2 | Noticed Norris
 56082 | Depths:2 | Found a one-way gate to the infinite horrors of the Abyss.
 56092 | Depths:2 | Killed Norris
 56168 | Depths:2 | Got a warped buckler
 56180 | Depths:2 | Identified the cursed +0 buckler of Complete Protection {*Corrode rF+ MP+9 Str+4} (You found it on level 2 of the Depths)
 56284 | Depths:2 | Received a gift from Trog
 56598 | Depths:2 | Noticed the Enchantress
 56621 | Depths:2 | Killed the Enchantress
 56630 | Depths:2 | Got a faerie dragon armour
 56655 | Depths:2 | Identified the +4 faerie dragon armour {Int+4} (You took it off the Enchantress on level 2 of the Depths)
 56698 | Depths:2 | Found a runed door.
 56708 | Depths:2 | Found a runed door.
 56712 | Depths:2 | Noticed a juggernaut
 56793 | Depths:1 | Killed a juggernaut
 57433 | Depths:2 | Reached skill level 15 in Evocations
 57687 | Depths:3 | Found a one-way gate leading to the halls of Pandemonium.
 57817 | Depths:3 | Reached XP level 25. HP: 235/243 MP: 24/33
 58042 | Depths:3 | Received a gift from Trog
 58297 | Depths:3 | Paralysed by a giant eyeball for 3 turns
 59018 | Depths:4 | Received a gift from Trog
 59385 | Depths:4 | Found a gateway to a ziggurat.
 59719 | Depths:4 | Noticed Margery
 59743 | Depths:4 | Killed Margery
 60054 | Depths:5 | Entered Level 5 of the Depths
 60136 | Depths:5 | Found a gate to the Realm of Zot.
 60150 | Depths:5 | Received a gift from Trog
 60618 | Depths:5 | Reached XP level 26. HP: 255/255 MP: 24/33
 60995 | Depths:5 | Noticed Frederick
 61006 | Depths:5 | Killed Frederick
 61277 | Depths:4 | Received a gift from Trog
 61644 | Crypt:1  | Entered Level 1 of the Crypt
 62781 | Crypt:2  | Noticed Boris
 62813 | Crypt:2  | Killed Boris
 63196 | Crypt:3  | Entered Level 3 of the Crypt
 63546 | Crypt:3  | Found a basalt altar of Yredelemnul.
 63665 | Crypt:3  | Gained mutation: You are partially covered in icy blue scales (AC +1). [evolution]
 63741 | Crypt:3  | Identified the Disquisition on Darkness
 63757 | Crypt:3  | Got a pair of pitted gloves
 63772 | Crypt:3  | Identified the +2 pair of gloves "Eteu" {Int+4} (You found it on level 3 of the Crypt)
 64166 | Crypt:3  | Identified the Almanac of the Fiery Escort
 64235 | Crypt:3  | Found a staircase to the Tomb.
 64235 | Crypt:3  | Noticed an ancient lich
 64243 | Crypt:3  | Killed an ancient lich
 64314 | Tomb:1   | Entered Level 1 of the Tomb of the Ancients
 64811 | Tomb:1   | Reached XP level 27. HP: 228/264 MP: 25/34
 64885 | Tomb:1   | Noticed a greater mummy
 64903 | Tomb:1   | Killed a greater mummy
 64905 | Tomb:1   | Noticed a greater mummy
 64928 | Tomb:1   | Received a gift from Trog
 64948 | Tomb:1   | Killed a greater mummy
 65303 | Tomb:2   | Noticed a greater mummy
 65314 | Tomb:2   | Noticed a greater mummy
 65316 | Tomb:2   | Noticed a greater mummy
 65321 | Tomb:2   | Noticed a greater mummy
 65322 | Tomb:2   | Noticed a greater mummy
 65325 | Tomb:2   | Noticed Khufu
 65480 | Tomb:2   | Noticed a greater mummy
 65488 | Tomb:1   | Killed a greater mummy
 65490 | Tomb:1   | Killed a greater mummy
 65768 | Tomb:1   | Killed a greater mummy
 66043 | Tomb:2   | Killed Khufu
 66046 | Tomb:2   | Killed a greater mummy
 66053 | Tomb:1   | Killed a greater mummy
 66056 | Tomb:1   | Killed a greater mummy
 66510 | Tomb:1   | Noticed a greater mummy
 66510 | Tomb:1   | Noticed a greater mummy
 66513 | Tomb:1   | Noticed a greater mummy
 66617 | Tomb:1   | Noticed a greater mummy
 66620 | Tomb:1   | Killed a greater mummy
 66622 | Tomb:1   | Noticed a greater mummy
 66624 | Tomb:1   | Noticed a greater mummy
 66626 | Tomb:1   | Noticed a greater mummy
 66628 | Tomb:1   | Killed a greater mummy
 66629 | Tomb:1   | Noticed a greater mummy
 66640 | Tomb:1   | Killed a greater mummy
 66646 | Tomb:1   | Killed a greater mummy
 66652 | Tomb:1   | Killed a greater mummy
 66655 | Tomb:2   | Killed a greater mummy
 66660 | Tomb:2   | Killed a greater mummy
 66812 | Tomb:1   | Killed a greater mummy
 67087 | Tomb:1   | Noticed a greater mummy
 67090 | Tomb:1   | Noticed a greater mummy
 67098 | Tomb:1   | Killed a greater mummy
 67100 | Tomb:1   | Noticed a greater mummy
 67102 | Tomb:1   | Killed a greater mummy
 67110 | Tomb:1   | Killed a greater mummy
 67120 | Tomb:1   | Noticed a greater mummy
 67132 | Tomb:1   | Killed a greater mummy
 67134 | Tomb:1   | Noticed a greater mummy
 67146 | Tomb:1   | Killed a greater mummy
 67247 | Tomb:1   | Noticed a greater mummy
 67255 | Tomb:1   | Killed a greater mummy
 67315 | Tomb:1   | Noticed a greater mummy
 67322 | Tomb:1   | Noticed a greater mummy
 67325 | Tomb:1   | Noticed a greater mummy
 67325 | Tomb:1   | Killed a greater mummy
 67328 | Tomb:1   | Noticed a greater mummy
 67335 | Tomb:1   | Noticed a greater mummy
 67338 | Tomb:1   | Killed a greater mummy
 67445 | Tomb:1   | Killed a greater mummy
 68092 | Tomb:1   | Killed a greater mummy
 68122 | Tomb:1   | Noticed a greater mummy
 68130 | Tomb:1   | Killed a greater mummy
 68147 | Tomb:1   | Killed a greater mummy
 68486 | Tomb:3   | Entered Level 3 of the Tomb of the Ancients
 68496 | Tomb:3   | Noticed a greater mummy
 68512 | Tomb:3   | Noticed a greater mummy
 68528 | Tomb:3   | Noticed a greater mummy
 68528 | Tomb:3   | Killed a greater mummy
 68531 | Tomb:3   | Noticed a greater mummy
 68542 | Tomb:2   | Killed a greater mummy
 68576 | Tomb:2   | Gained mutation: Scrolls take you a little longer to read. [mutagenic glow]
 68726 | Tomb:3   | Killed a greater mummy
 68730 | Tomb:3   | Killed a greater mummy
 68920 | Tomb:3   | Noticed a greater mummy
 68926 | Tomb:3   | Killed a greater mummy
 68931 | Tomb:3   | Noticed an ancient lich
 68936 | Tomb:3   | Noticed a greater mummy
 68939 | Tomb:3   | Noticed a greater mummy
 68943 | Tomb:3   | Killed an ancient lich
 68959 | Tomb:3   | Killed a greater mummy
 68960 | Tomb:3   | Killed a greater mummy
 68978 | Tomb:3   | Noticed a greater mummy
 69133 | Tomb:3   | Killed a greater mummy
 69250 | Tomb:3   | Got a golden rune of Zot
 69575 | Tomb:3   | Got a flickering silver ring
 69578 | Tomb:3   | Identified the cursed ring "Olar" {EV-2 Int+3} (You found it on level 3 of the Tomb of the Ancients)
 69584 | Tomb:3   | Got a fine bardiche
 69589 | Tomb:3   | Got a shimmering pewter ring
 69593 | Tomb:3   | Identified the ring of Eternal Night {SustAt rElec rC++ Dex+4 Stlth-} (You found it on level 3 of the Tomb of the Ancients)
 70555 | Depths:2 | Voluntarily entered the Abyss.
 70568 | Abyss:1  | Received a gift from Trog
 70596 | Abyss:1  | Gained mutation: Your body sometimes deteriorates upon taking damage. [a cacodemon]
 70612 | Abyss:1  | Gained mutation: Your magical capacity is low (-10% MP). [a cacodemon]
 70689 | Abyss:1  | Found a corrupted altar of Lugonu.
 70765 | Abyss:1  | Noticed an ancient lich
 70773 | Abyss:1  | Killed an ancient lich
 70926 | Abyss:2  | Gained mutation: You tend to lose your temper in combat. [a neqoxec]
 70932 | Abyss:2  | Gained mutation: You are frail (-10% HP). [a neqoxec]
 70936 | Abyss:2  | Found a corrupted altar of Lugonu.
 70946 | Abyss:2  | Gained mutation: You often lose your temper in combat. [a neqoxec]
 71047 | Abyss:2  | Paralysed by accursed screaming for 1 turns
 71245 | Abyss:3  | Found an opulent altar of Gozag.
 71248 | Abyss:3  | Found a basalt altar of Yredelemnul.
 71407 | Abyss:3  | Gained mutation: You rapidly evolve. [evolution]
 71628 | Abyss:3  | Got an abyssal rune of Zot
 71723 | Abyss:3  | Paralysed by accursed screaming for 1 turns
 71865 | Depths:2 | Escaped the Abyss
 71873 | Depths:2 | Hired Urarch the tengu for 120 gold.
 71907 | Depths:2 | Lost mutation: You are frail (-10% HP). [helix card]
 71912 | Depths:2 | Drew Focus: Str increased to 28, Int decreased to 2
 71917 | Depths:2 | Hired Moitiqie the naga for 144 gold.
 72245 | Orc:2    | Bought an uncursed ring of resist corrosion for 300 gold pieces
 72500 | Slime:1  | Entered Level 1 of the Pits of Slime
 72505 | Slime:1  | Your ally Urarch died
 72757 | Slime:2  | Lost mutation: Your mind is acute. (Int +2) [a shining eye]
 72800 | Slime:3  | Gained mutation: You are weak. (Str -2) [a shining eye]
 72885 | Slime:5  | Gained mutation: You have an uncontrollable temper. [a shining eye]
 72886 | Slime:5  | Gained mutation: Armour fits poorly on your strangely shaped body. [a shining eye]
 72891 | Slime:5  | Gained mutation: Scrolls take you longer to read. [a shining eye]
 72892 | Slime:5  | Received a gift from Trog
 72901 | Slime:6  | Entered Level 6 of the Pits of Slime
 73244 | Slime:6  | Noticed the Royal Jelly
 73270 | Slime:6  | Killed the Royal Jelly
 73363 | Slime:6  | Got a scorched hand axe
 73364 | Slime:6  | Identified the +3 hand axe "Befuneoch" {antimagic, rPois rF+ rC- MR+} (You found it on level 6 of the Pits of Slime)
 73369 | Slime:6  | Identified Egalas's Guide on Summoning and Flight
 73464 | Slime:6  | Got a slimy rune of Zot
 74011 | Hell     | Entered the Vestibule of Hell
 74011 | Hell     | Noticed Geryon
 74022 | Hell     | Received a gift from Trog
 74113 | Hell     | Killed Geryon
 74173 | Hell     | Found a gateway to the decaying netherworld of Tartarus.
 74279 | Hell     | Found a gateway to the Iron City of Dis.
 74509 | Hell     | Found a gateway to the freezing wastes of Cocytus.
 74667 | Hell     | Received a gift from Trog
 75134 | Pan      | Entered Pandemonium
 75252 | Pan      | Noticed Afam the pandemonium lord
 75262 | Pan      | Killed Afam the pandemonium lord
 75348 | Pan      | Lost intelligence.
 75388 | Pan      | Noticed Baarhe the pandemonium lord
 75449 | Pan      | Found an exit through the horrors of the Abyss.
 75650 | Pan      | Gained mutation: Scrolls take you much longer to read. [a cacodemon]
 75662 | Pan      | Noticed Futeniagg the pandemonium lord
 75696 | Pan      | Received a gift from Trog
 75705 | Pan      | Noticed Kocw the pandemonium lord
 75718 | Pan      | Killed Kocw the pandemonium lord
 75753 | Pan      | Got a demonic rune of Zot
 75796 | Pan      | Identified Kouwkaut's Catalogue of Black Arts and the Snowflakes
 75818 | Pan      | Gained mutation: Your body often deteriorates upon taking damage. [a neqoxec]
 75820 | Pan      | Noticed Rextewk the pandemonium lord
 75822 | Pan      | Gained mutation: You are very weak. (Str -4) [a neqoxec]
 75835 | Pan      | Gained mutation: Your spells are a little easier to cast, but a little less powerful. [a cacodemon]
 75836 | Pan      | Lost intelligence.
 75840 | Pan      | Killed Rextewk the pandemonium lord
 76017 | Pan      | Found an exit through the horrors of the Abyss.
 76573 | Pan      | Gained mutation: You occasionally shout uncontrollably at your foes. [a neqoxec]
 76947 | Pan      | Found a white marble altar of Elyvilon.
 77268 | Pan      | Received a gift from Trog
 77776 | Pan      | Found a glowing silver altar of Zin.
 78147 | Pan      | Received a gift from Trog
 78173 | Pan      | Noticed a seraph
 78247 | Pan      | Killed a seraph
 78629 | Pan      | Found a glowing golden altar of the Shining One.
 78942 | Pan      | Gained mutation: You passively map a small area around you. [evolution]
 79102 | Pan      | Gained mutation: Your magical capacity is very low (-20% MP). [a cacodemon]
 79111 | Pan      | Noticed Umod Acosot the pandemonium lord
 80059 | Pan      | Reached skill level 1 in Stealth
 80364 | Pan      | Found an exit through the horrors of the Abyss.
 80412 | Pan      | Received a gift from Trog
 81492 | Pan      | Gained mutation: You are frail (-10% HP). [a neqoxec]
 81519 | Pan      | Noticed Yggoddo the pandemonium lord
 81530 | Pan      | Killed Yggoddo the pandemonium lord
 81542 | Pan      | Received a gift from Trog
 81639 | Pan      | Found an exit through the horrors of the Abyss.
 81720 | Pan      | Gained mutation: You are very frail (-20% HP). [a cacodemon]
 81966 | Pan      | Noticed Gegaorho the pandemonium lord
 81979 | Pan      | Killed Gegaorho the pandemonium lord
 82050 | Pan      | Got a pair of brightly glowing gloves
 82056 | Pan      | Noticed Mennas
 82067 | Pan      | Killed Mennas
 82075 | Pan      | Identified the +1 pair of gloves of Catatonia {rC+} (You found it in Pandemonium)
 82092 | Pan      | Received a gift from Trog
 82369 | Pan      | Entered the realm of Lom Lobon.
 82573 | Pan      | Found an exit through the horrors of the Abyss.
 82594 | Pan      | Reached skill level 5 in Stealth
 83242 | Pan      | Noticed Lom Lobon
 83259 | Pan      | Killed Lom Lobon
 83287 | Pan      | Got a magical rune of Zot
 83572 | Pan      | Noticed Dumoq the pandemonium lord
 83579 | Pan      | Killed Dumoq the pandemonium lord
 83717 | Pan      | Gained mutation: You are extremely frail (-30% HP). [a neqoxec]
 83786 | Pan      | Noticed Jeoch the pandemonium lord
 83810 | Pan      | Killed Jeoch the pandemonium lord
 83810 | Pan      | Reached skill level 27 in Armour
 83992 | Pan      | Lost intelligence.
 83992 | Pan      | Gained mutation: You are dopey. (Int -2) [a cacodemon]
 84156 | Pan      | Gained mutation: You are occasionally teleported next to monsters. [a cacodemon]
 84170 | Pan      | Received a gift from Trog
 84182 | Pan      | Reached skill level 27 in Fighting
 84216 | Pan      | Got a slimy silver ring
 84235 | Pan      | Identified the ring of Ikhyokia {Fragile MR+ Int+4 SInv} (You found it in Pandemonium)
 84305 | Pan      | Found an exit through the horrors of the Abyss.
 84383 | Pan      | Lost mutation: You are dopey. (Int -2) [potion of cure mutation]
 84383 | Pan      | Lost mutation: You are very weak. (Str -4) [potion of cure mutation]
 84383 | Pan      | Lost mutation: Your natural rate of healing is unusually fast. [potion of cure mutation]
 84383 | Pan      | Lost mutation: Armour fits poorly on your strangely shaped body. [potion of cure mutation]
 84384 | Pan      | Lost mutation: Your magical capacity is very low (-20% MP). [potion of cure mutation]
 84384 | Pan      | Lost mutation: You are resistant to hostile enchantments. [potion of cure mutation]
 84384 | Pan      | Lost mutation: You have an uncontrollable temper. [potion of cure mutation]
 84384 | Pan      | Lost mutation: You rapidly evolve. [potion of cure mutation]
 84384 | Pan      | Lost mutation: You expend magic power (3 MP) to strengthen your wands. [potion of cure mutation]
 84550 | Pan      | Found an exit through the horrors of the Abyss.
 84558 | Pan      | Entered the realm of Mnoleg.
 84562 | Pan      | Found an exit through the horrors of the Abyss.
 84595 | Pan      | Gained mutation: Your spells are easier to cast, but less powerful. [a neqoxec]
 84605 | Pan      | Noticed Mnoleg
 84608 | Pan      | Reached skill level 27 in Axes
 84714 | Pan      | Received a gift from Trog
 84748 | Pan      | Lost mutation: Your body often deteriorates upon taking damage. [a neqoxec]
 84765 | Pan      | Killed Mnoleg
 84826 | Pan      | Lost mutation: You are weak. (Str -2) [mutagenic meat]
 84828 | Pan      | Lost mutation: Your body sometimes deteriorates upon taking damage. [mutagenic meat]
 84831 | Pan      | Lost mutation: You passively map a small area around you. [mutagenic meat]
 84832 | Pan      | Lost mutation: You are extremely frail (-30% HP). [mutagenic meat]
 84843 | Pan      | Lost mutation: Scrolls take you much longer to read. [mutagenic meat]
 84845 | Pan      | Lost mutation: You are very frail (-20% HP). [mutagenic meat]
 84848 | Pan      | Lost mutation: You possess an exceptional clarity of mind. [mutagenic meat]
 84849 | Pan      | Lost mutation: Your spells are easier to cast, but less powerful. [mutagenic meat]
 84853 | Pan      | Lost mutation: Your magical capacity is low (-10% MP). [mutagenic meat]
 84856 | Pan      | Lost mutation: You are frail (-10% HP). [mutagenic meat]
 84857 | Pan      | Lost mutation: Scrolls take you longer to read. [mutagenic meat]
 84858 | Pan      | Lost mutation: Your spells are a little easier to cast, but a little less powerful. [mutagenic meat]
 84861 | Pan      | Lost mutation: You have sharp fingernails. [mutagenic meat]
 84868 | Pan      | Lost mutation: You occasionally shout uncontrollably at your foes. [mutagenic meat]
 84893 | Pan      | Got a glowing rune of Zot
 84967 | Pan      | Gained mutation: Armour fits poorly on your strangely shaped body. [a neqoxec]
 85080 | Pan      | Lost intelligence.
 85179 | Pan      | Gained mutation: You are frail (-10% HP). [a neqoxec]
 85275 | Pan      | Got a pair of translucent boots
 85282 | Pan      | Identified the +2 pair of boots "Igoeseh" {+Inv Regen+} (You found it in Pandemonium)
 85346 | Pan      | Lost mutation: You often lose your temper in combat. [a cacodemon]
 85443 | Pan      | Gained mutation: You are clumsy. (Dex -2) [a cacodemon]
 85548 | Pan      | Gained mutation: You are very frail (-20% HP). [a neqoxec]
 85659 | Pan      | Found an exit through the horrors of the Abyss.
 85708 | Pan      | Lost mutation: Scrolls take you a little longer to read. [potion of cure mutation]
 85708 | Pan      | Lost mutation: You are clumsy. (Dex -2) [potion of cure mutation]
 85708 | Pan      | Lost mutation: Armour fits poorly on your strangely shaped body. [potion of cure mutation]
 85709 | Pan      | Lost mutation: You are partially covered in rugged brown scales (AC +1, +3% HP). [potion of cure mutation]
 85709 | Pan      | Lost mutation: You are resistant to electric shocks. [potion of cure mutation]
 85709 | Pan      | Lost mutation: You tend to lose your temper in combat. [potion of cure mutation]
 85709 | Pan      | Lost mutation: Your movements are slightly less encumbered by armour (ER -2). [potion of cure mutation]
 85817 | Pan      | Noticed Sajaogri the pandemonium lord
 85838 | Pan      | Killed Sajaogri the pandemonium lord
 86159 | Pan      | Entered the realm of Cerebov.
 86163 | Pan      | Reached skill level 27 in Shields
 86273 | Pan      | Noticed Ignacio
 86281 | Pan      | Killed Ignacio
 86372 | Pan      | Received a gift from Trog
 86488 | Pan      | Noticed Cerebov
 86530 | Pan      | Killed Cerebov
 86530 | Pan      | Reached skill level 10 in Stealth
 86599 | Pan      | Got a slimy glass ring
 86618 | Pan      | Identified the ring "Gicugo" {rElec MR+ MP+9 Int+3} (You found it in Pandemonium)
 86623 | Pan      | Got a polished troll leather armour
 86634 | Pan      | Identified the +0 troll leather armour of Hoys {+Blink rC+ Regen+ Stlth+} (You found it in Pandemonium)
 86703 | Pan      | Got a scorched golden ring
 86706 | Pan      | Identified the ring of Inoickue {rPois Int+7 Dex+2} (You found it in Pandemonium)
 86764 | Pan      | Got a transparent emerald amulet
 86772 | Pan      | Identified the amulet of Gaisah {Faith MP+9 Int+4 Dex+4 Slay+3} (You found it in Pandemonium)
 86807 | Pan      | Got a faintly glowing hand axe
 86808 | Pan      | Identified the +5 hand axe of the Lesser Evil {chop, Stlth+} (You found it in Pandemonium)
 86868 | Pan      | Got a fiery rune of Zot
 86989 | Pan      | Found an exit through the horrors of the Abyss.
 87019 | Pan      | Reached skill level 27 in Dodging
 87140 | Pan      | Entered the realm of Gloorx Vloq.
 87276 | Pan      | Found an exit through the horrors of the Abyss.
 87304 | Pan      | Noticed Gloorx Vloq
 87320 | Pan      | Killed Gloorx Vloq
 87528 | Pan      | Got a dark rune of Zot
 87711 | Pan      | Took an exit into the Abyss.
 87711 | Abyss:1  | Escaped into the Abyss
 87741 | Abyss:1  | Found a blossoming altar of Fedhas.
 87750 | Depths:3 | Escaped the Abyss
 88135 | Vaults:5 | Bought a scroll of identify for 24 gold pieces
 88135 | Vaults:5 | Bought a scroll of identify for 24 gold pieces
 88135 | Vaults:5 | Bought a scroll of identify for 24 gold pieces
 88135 | Vaults:5 | Bought a scroll of summoning for 114 gold pieces
 88146 | Vaults:5 | Bought a scroll of silence for 135 gold pieces
 88146 | Vaults:5 | Bought a scroll of identify for 36 gold pieces
 88146 | Vaults:5 | Bought a scroll of enchant armour for 135 gold pieces
 88146 | Vaults:5 | Bought a scroll of identify for 36 gold pieces
 88146 | Vaults:5 | Bought a scroll of identify for 36 gold pieces
 88146 | Vaults:5 | Bought a scroll of fog for 36 gold pieces
 88187 | Vaults:5 | Bought a scroll of fog for 24 gold pieces
 88200 | Vaults:5 | Bought a meat ration for 70 gold pieces
 88200 | Vaults:5 | Bought a beef jerky for 21 gold pieces
 88200 | Vaults:5 | Bought a meat ration for 70 gold pieces
 88200 | Vaults:5 | Bought a fruit for 21 gold pieces
 88200 | Vaults:5 | Bought a beef jerky for 21 gold pieces
 88200 | Vaults:5 | Bought a meat ration for 70 gold pieces
 88200 | Vaults:5 | Bought a bread ration for 70 gold pieces
 88200 | Vaults:5 | Bought a beef jerky for 21 gold pieces
 88200 | Vaults:5 | Bought a bread ration for 70 gold pieces
 88200 | Vaults:5 | Bought a meat ration for 70 gold pieces
 88200 | Vaults:5 | Bought a bread ration for 70 gold pieces
 88215 | Vaults:5 | Bought a scroll of identify for 28 gold pieces
 88215 | Vaults:5 | Bought a scroll of magic mapping for 49 gold pieces
 88215 | Vaults:5 | Bought a scroll of magic mapping for 49 gold pieces
 88236 | Vaults:5 | Bought a bread ration for 65 gold pieces
 88236 | Vaults:5 | Bought a beef jerky for 19 gold pieces
 88236 | Vaults:5 | Bought a bread ration for 65 gold pieces
 88236 | Vaults:5 | Bought a slice of pizza for 19 gold pieces
 88236 | Vaults:5 | Bought a meat ration for 65 gold pieces
 88236 | Vaults:5 | Bought a bread ration for 65 gold pieces
 88236 | Vaults:5 | Bought a bread ration for 65 gold pieces
 88236 | Vaults:5 | Bought a beef jerky for 19 gold pieces
 88236 | Vaults:5 | Bought a beef jerky for 19 gold pieces
 88236 | Vaults:5 | Bought a beef jerky for 19 gold pieces
 88236 | Vaults:5 | Bought 2 fruits for 39 gold pieces
 88237 | Vaults:5 | Bought a slice of pizza for 19 gold pieces
 88247 | Vaults:5 | Bought a scroll of fog for 38 gold pieces
 88262 | Vaults:5 | Bought a scroll of identify for 32 gold pieces
 88262 | Vaults:5 | Bought a scroll of identify for 32 gold pieces
 88262 | Vaults:5 | Bought a scroll of identify for 32 gold pieces
 88275 | Vaults:5 | Bought a potion of curing for 39 gold pieces
 88275 | Vaults:5 | Bought a potion of curing for 39 gold pieces
 88275 | Vaults:5 | Bought a potion of curing for 39 gold pieces
 88537 | Lair:1   | Lost mutation: You are very frail (-20% HP). [potion of mutation]
 88537 | Lair:1   | Gained mutation: Potions and wands are less effective at restoring your health. [potion of mutation]
 88537 | Lair:1   | Gained mutation: You have a somewhat thin skeletal structure (Dex +2, Stealth). [potion of mutation]
 88539 | Lair:1   | Gained mutation: Your spells are a little harder to cast, but a little more powerful. [potion of mutation]
 88539 | Lair:1   | Gained mutation: Your spells are harder to cast, but more powerful. [potion of mutation]
 88540 | Lair:1   | Gained mutation: You have large cloven feet. [potion of mutation]
 88540 | Lair:1   | Gained mutation: You are agile. (Dex +2) [potion of mutation]
 88542 | Lair:1   | Lost mutation: Your spells are harder to cast, but more powerful. [potion of mutation]
 88547 | Lair:1   | Lost mutation: You are occasionally teleported next to monsters. [potion of cure mutation]
 88547 | Lair:1   | Lost mutation: You have a somewhat thin skeletal structure (Dex +2, Stealth). [potion of cure mutation]
 88547 | Lair:1   | Lost mutation: You are frail (-10% HP). [potion of cure mutation]
 88547 | Lair:1   | Lost mutation: You have large cloven feet. [potion of cure mutation]
 88547 | Lair:1   | Lost mutation: You are partially covered in icy blue scales (AC +1). [potion of cure mutation]
 88793 | Coc:1    | Entered Level 1 of Cocytus
 88963 | Coc:1    | Received a gift from Trog
 89242 | Coc:6    | Gained mutation: You are surrounded by a mild repulsion field (EV +2). [evolution]
 89355 | Coc:7    | Entered Level 7 of Cocytus
 90290 | Coc:7    | Lost mutation: You are agile. (Dex +2) [mutagenic glow]
 90476 | Coc:7    | Noticed Antaeus
 90507 | Coc:7    | Killed Antaeus
 90598 | Coc:7    | Reached skill level 15 in Stealth
 90828 | Coc:7    | Got an icy rune of Zot
 90968 | Coc:7    | Received a gift from Trog
 91139 | Hell     | Found a gateway to the ashen valley of Gehenna.
 91146 | Geh:1    | Entered Level 1 of Gehenna
 91262 | Geh:1    | HP: 10/273 [hellion/damnation (27)]
 91273 | Geh:1    | You fall through a shaft!
 91387 | Geh:2    | Found a basalt altar of Yredelemnul.
 91895 | Geh:2    | Received a gift from Trog
 91920 | Geh:2    | Got a transparent war axe {god gift}
 91921 | Geh:2    | Identified the +10 war axe "Taring" {flame, rC+ Str+4 Int+2} (Trog gifted it to you on level 2 of Gehenna)
 92282 | Geh:7    | Entered Level 7 of Gehenna
 92361 | Geh:7    | Received a gift from Trog
 92385 | Geh:7    | Got a fine war axe {god gift}
 92387 | Geh:7    | Identified the +10 war axe "Syfoipof" {drain, -Tele Str+7 Dex+4} (Trog gifted it to you on level 7 of Gehenna)
 93215 | Geh:7    | Got a slimy morningstar {venom}
 93216 | Geh:7    | Identified the +0 morningstar of Fate {venom, rF+ Dex+3} (You took it off a balrug on level 7 of Gehenna)
 93248 | Geh:7    | Noticed Asmodeus
 93261 | Geh:7    | Killed Asmodeus
 93277 | Geh:7    | Got an obsidian rune of Zot
 93455 | Tar:1    | Entered Level 1 of Tartarus
 93700 | Tar:2    | Noticed Jory
 93714 | Tar:2    | Killed Jory
 94198 | Tar:2    | Received a gift from Trog
 95079 | Tar:7    | Entered Level 7 of Tartarus
 96036 | Tar:7    | Noticed the Serpent of Hell
 96042 | Tar:7    | Killed the Serpent of Hell
 96105 | Tar:7    | Noticed Ereshkigal
 96409 | Tar:7    | Killed Ereshkigal
 96435 | Tar:7    | Got a bone rune of Zot
 96626 | Dis:1    | Entered Level 1 of the Iron City of Dis
 97877 | Dis:7    | Entered Level 7 of the Iron City of Dis
 98035 | Dis:7    | Reached skill level 27 in Evocations
 98382 | Dis:7    | Lost intelligence.
 98382 | Dis:7    | Gained mutation: You are dopey. (Int -2) [a cacodemon]
 98524 | Dis:7    | Gained mutation: You are clumsy. (Dex -2) [a cacodemon]
 98526 | Dis:7    | Received a gift from Trog
 98527 | Dis:7    | Gained mutation: Your magical capacity is low (-10% MP). [a cacodemon]
 99241 | Dis:7    | Noticed Dispater
 99272 | Dis:7    | Killed Dispater
 99332 | Dis:7    | Got an iron rune of Zot
 99708 | Lair:1   | Gained mutation: You are robust (+10% HP). [potion of mutation]
 99708 | Lair:1   | Gained mutation: Your muscles are strong. (Str +2) [potion of mutation]
 99709 | Lair:1   | Lost intelligence.
 99719 | Lair:1   | Lost mutation: You are dopey. (Int -2) [potion of cure mutation]
 99719 | Lair:1   | Lost mutation: Your magical capacity is low (-10% MP). [potion of cure mutation]
 99719 | Lair:1   | Lost mutation: You evolve. [potion of cure mutation]
 99719 | Lair:1   | Lost mutation: Your spells are a little harder to cast, but a little more powerful. [potion of cure mutation]
 99720 | Lair:1   | Lost mutation: You are clumsy. (Dex -2) [potion of cure mutation]
 99720 | Lair:1   | Lost mutation: Your muscles are strong. (Str +2) [potion of cure mutation]
 99720 | Lair:1   | Lost mutation: You are partially covered in large bone plates (AC +2, SH +2). [potion of cure mutation]
 99720 | Lair:1   | Lost mutation: Potions and wands are less effective at restoring your health. [potion of cure mutation]
 99720 | Lair:1   | Lost mutation: You are surrounded by a mild repulsion field (EV +2). [potion of cure mutation]
 99736 | Lair:1   | Gained mutation: You are resistant to hostile enchantments. [potion of beneficial mutation]
 99737 | Lair:1   | Gained mutation: You passively map a small area around you. [potion of beneficial mutation]
 99738 | Lair:1   | Gained mutation: You are somewhat resistant to further mutation. [potion of beneficial mutation]
100065 | Zot:1    | Entered Level 1 of the Realm of Zot
100185 | Zot:2    | Received a gift from Trog
100617 | Zot:5    | Entered Level 5 of the Realm of Zot
100755 | Zot:5    | Noticed an orb of fire
100755 | Zot:5    | Noticed an orb of fire
100755 | Zot:5    | Noticed an ancient lich
100761 | Zot:5    | Gained mutation: You are clumsy. (Dex -2) [an orb of fire]
100764 | Zot:5    | Gained mutation: Armour fits poorly on your strangely shaped body. [an orb of fire]
100765 | Zot:5    | Killed an ancient lich
100773 | Zot:5    | Killed an orb of fire
100774 | Zot:5    | Received a gift from Trog
100779 | Zot:5    | Killed an orb of fire
100845 | Zot:5    | Noticed an ancient lich
100854 | Zot:5    | Killed an ancient lich
100960 | Zot:5    | Got the Orb of Zot
101191 | Depths:4 | Noticed Yliaxire the pandemonium lord
101211 | Depths:3 | Noticed Xihois the pandemonium lord
101230 | Depths:3 | Noticed Esokh the pandemonium lord
101284 | Depths:1 | Noticed Jiosu the pandemonium lord
101584 | D:9      | Noticed a seraph
101822 | D:1      | Lost mutation: Armour fits poorly on your strangely shaped body. [potion of cure mutation]
101822 | D:1      | Lost mutation: You are resistant to hostile enchantments. [potion of cure mutation]
101822 | D:1      | Lost mutation: You are somewhat resistant to further mutation. [potion of cure mutation]
101822 | D:1      | Lost mutation: You are clumsy. (Dex -2) [potion of cure mutation]
101822 | D:1      | Lost mutation: You passively map a small area around you. [potion of cure mutation]
101828 | D:$      | Escaped with the Orb!

Skill      XL: |  1  2  3  4  5  6  7  8  9 10 11 12 13 14 15 16 17 18 19 20 21 22 23 24 25 26 27 |
---------------+----------------------------------------------------------------------------------+-----
Fighting       | 4 5 6 7 9 10 11 12 13 14 15 16 17 18 19 20 21 22 23 27 | 27.0
Dodging        | 3 4 5 6 8 9 10 11 12 13 14 15 16 17 18 20 21 22 27 | 27.0
Axes           | 4 5 6 8 9 10 11 12 13 14 15 16 17 18 19 20 21 22 27 | 27.0
Armour         | 3 4 5 7 8 10 11 12 13 14 15 16 17 18 19 20 21 22 23 27 | 27.0
Shields        | 1 4 7 9 10 12 13 14 15 16 17 18 19 20 21 27 | 27.0
Evocations     | 2 5 6 8 9 10 11 12 13 14 15 16 27 | 27.0
Stealth        | 25 | 25.7

Action                   |  1- 3 |  4- 6 |  7- 9 | 10-12 | 13-15 | 16-18 | 19-21 | 22-24 | 25-27 || total
-------------------------+-------+-------+-------+-------+-------+-------+-------+-------+-------++-------
Melee: Hand axe          |    87 |    92 |   286 |       |       |       |       |       |       ||   465
       Headbutt          |    11 |    27 |    92 |   137 |   518 |   573 |   404 |   550 |  2892 ||  5204
       Whip              |       |       |    15 |    13 |       |       |       |       |       ||    28
       War axe           |       |       |       |   133 |       |       |       |       |       ||   133
       Broad axe         |       |       |       |   385 |  1465 |  1614 |  1048 |  1505 |  7953 || 13970
       Kick              |       |       |       |       |       |   266 |   160 |       |       ||   426
Invok: Berserk           |       |     3 |     5 |     8 |    11 |    18 |     4 |     7 |    19 ||    75
       Trog's Hand       |       |       |     2 |     4 |    12 |    11 |     4 |     9 |    79 ||   121
       Burn Spellbooks   |       |       |     1 |       |     1 |     4 |     3 |     9 |    21 ||    39
       Brothers in Arms  |       |       |       |     3 |    12 |     2 |     2 |     2 |     6 ||    27
 Abil: Evoke Invisibilit |       |       |       |       |       |       |       |     1 |    12 ||    13
Evoke: Wand              |       |       |       |       |     4 |     7 |       |     1 |    29 ||    41
       Fan of gales      |       |       |       |       |       |     2 |     1 |     2 |     3 ||     8
       Deck              |       |       |       |       |       |       |    20 |     8 |    13 ||    41
       Phial of floods   |       |       |       |       |       |       |       |     1 |     4 ||     5
       Lamp of fire      |       |       |       |       |       |       |       |       |     8 ||     8
       Sack of spiders   |       |       |       |       |       |       |       |       |     8 ||     8
       Box of beasts     |       |       |       |       |       |       |       |       |     7 ||     7
       Horn of Geryon    |       |       |       |       |       |       |       |       |     5 ||     5
       Stone of tremors  |       |       |       |       |       |       |       |       |     1 ||     1
  Use: Scroll            |       |       |     4 |     6 |    22 |     4 |    10 |    30 |    56 ||   132
       Potion            |       |       |       |       |     4 |       |     1 |     3 |    56 ||    64
 Stab: Sleeping          |       |       |     1 |       |       |       |       |       |       ||     1
       Distracted        |       |       |       |       |     2 |     1 |       |     4 |    26 ||    33
       Petrified         |       |       |       |       |     3 |       |       |       |     2 ||     5
       Petrifying        |       |       |       |       |     2 |       |       |       |       ||     2
       Confused          |       |       |       |       |     1 |       |       |       |     2 ||     3
       Invisible         |       |       |       |       |       |       |       |     4 |    81 ||    85
       Paralysed         |       |       |       |       |       |       |       |       |     2 ||     2
  Eat: Chunk             |     2 |     7 |    27 |    34 |    80 |   114 |    73 |    64 |   101 ||   502
       Fruit             |       |       |       |       |     5 |     5 |       |     2 |    63 ||    75
       Bread ration      |       |       |       |       |       |       |       |       |    17 ||    17
       Pizza             |       |       |       |       |       |       |       |       |     3 ||     3
Armor: Animal skin       |    13 |       |       |       |       |       |       |       |       ||    13
       Leather armour    |       |    19 |     3 |       |       |       |       |       |       ||    22
       Scale mail        |       |       |    62 |    83 |   128 |       |       |       |       ||   273
       Plate armour      |       |       |       |       |   252 |   685 |   154 |   194 |       ||  1285
       Gold dragon armou |       |       |       |       |       |       |       |    25 |  1286 ||  1311
Dodge: Dodged            |    55 |    57 |   196 |   310 |   942 |  1036 |   409 |   717 |  3363 ||  7085
Block: Other             |       |       |    14 |       |       |       |       |       |       ||    14
       Buckler           |       |       |     2 |   168 |    47 |       |       |       |       ||   217
       Shield            |       |       |       |       |  1128 |  1408 |   640 |  1063 |  1927 ||  6166
       Reflection        |       |       |       |       |       |    23 |    55 |   115 |    55 ||   248
       Large shield      |       |       |       |       |       |       |       |       |  6589 ||  6589
